Cogmind - Beta 14 @@@ ROGUE MODE // 2024.11.11 @ 14:23:18 Player: Fangrelle Result: Destroyed by as-48948 with Assembled F-torch Performance ------------- Evolutions (1) 500 Regions Visited (3) 600 Robots Destroyed (88) 440 Value Destroyed (2066) 2066 Prototype IDs (4) 80 Alien Tech Used (0) 0 Bonus (49) 49 TOTAL SCORE: 3735 Bonus ------- High Alert Combat Kills 49 Cogmind --------- Core Integrity 0/400 Matter 140/300 Energy 8/100 System Corruption 0% Temperature Warm (185) Movement Treading (640) Ox6 Location -9/Mines Parts ------- > --- POWER (1) -------- (None) > --- PROPULSION (2) --- Improved Treads Titanium Leg > --- UTILITY (4) ------ Cargo Storage Unit Shield Generator > --- WEAPON (2) ------- Improved EM Shotgun Improved Light Cannon > --- INVENTORY (30) --- Titanium Leg Titanium Leg Titanium Leg High-capacity Storage Unit Huge Storage Unit High-capacity Matter Pod (200) High-capacity Matter Pod (200) Sensor Array Improved Signal Interpreter Improved Signal Interpreter Improved Targeting Computer Improved Targeting Computer Improved Targeting Computer ECM Suite Hacking Suite Hacking Suite Tractor Beam EM Pulse Cannon EM Pulse Cannon Autogun Autogun Autogun Improved Light Cannon Improved Light Cannon Datajack Katana Peak State ------------ > --- POWER ------------ Heavy Ion Engine > --- PROPULSION ------- Improved Treads Improved Flight Unit > --- UTILITY ---------- Improved Heat Sink Cargo Storage Unit Tractor Beam > --- WEAPON ----------- Improved EM Shotgun EM Pulse Cannon > --- INVENTORY -------- Light Treads Light Treads Improved Treads Improved Treads Wheel Huge Storage Unit High-capacity Matter Pod High-capacity Matter Pod Sensor Array Improved Signal Interpreter Improved Signal Interpreter ECM Suite Light Armor Plating Tractor Beam Tractor Beam Improved EM Shotgun EM Pulse Cannon EM Pulse Cannon EM Pulse Cannon Autogun Autogun Autogun Grenade Launcher Datajack Welding Torch Katana [Rating: 24] Favorites ----------- Power Heavy Ion Engine Engine Heavy Ion Engine Propulsion Improved Treads Treads Improved Treads Leg Titanium Leg Flight Unit Improved Flight Unit Utility Light Armor Plating Device Tractor Beam Storage Cargo Storage Unit Protection Light Armor Plating Weapon EM Pulse Cannon Energy Gun Improved EM Shotgun Energy Cannon EM Pulse Cannon Ballistic Gun Autogun Ballistic Cannon Improved Light Cannon Launcher Rocket Launcher Build | -11 -10 -9 -9 ------- Run | Yrd Mat Mat Min Slots Evolved 2 | . . 2 . Power . | . . . . Propulsion . | . . . . Utility 2 | . . 2 . Weapon . | . . . . Parts Attached 57 | 2 11 34 10 Power 2 | . 1 1 . Engine 2 | . 1 1 . Core . | . . . . Reactor . | . . . . Propulsion 11 | 2 3 5 1 Treads 9 | 2 3 4 . Leg 1 | . . . 1 Wheel . | . . . . Hover . | . . . . Flight 1 | . . 1 . Utility 19 | . 5 12 2 Device 4 | . . 3 1 Storage 6 | . 3 3 . Processor . | . . . . Hackware . | . . . . Protection 9 | . 2 6 1 Artifact . | . . . . Weapon 25 | . 2 16 7 Energy Gun 3 | . . 2 1 Energy Cannon 10 | . . 10 . Ballistic Gun 6 | . 2 3 1 Ballistic Cannon 3 | . . . 3 Launcher 3 | . . 1 2 Special Weapon . | . . . . Impact Weapon . | . . . . Slashing Weapon . | . . . . Piercing Weapon . | . . . . Special Melee Weapon . | . . . . Unidentified Prototypes 4 | . . 4 . Parts Lost 15 | . 1 7 7 Power 2 | . 1 . 1 Propulsion 2 | . . 1 1 Utility 7 | . . 4 3 Weapon 4 | . . 2 2 Highest Loss Streak 6 | . 1 1 6 To Critical Strikes . | . . . . Average Slot Usage (%) 89 | . 99 86 86 Engine 11 | . 14 10 10 Treads 22 | . 28 20 21 Device 4 | . . 6 . Storage 11 | . 14 11 11 Protection 14 | . 13 14 21 Energy Gun 3 | . 8 2 . Energy Cannon 13 | . . 18 11 Ballistic Gun 5 | . 19 . . Peak Build Rating 24 | 6 13 24 24 Average Rating 18 | 5 9 20 22 On Entrance 12 | 6 6 13 24 Naked Turns . | . . . . Heaviest Build 168 | 14 54 168 168 Greatest Support 46 | 40 46 46 46 Greatest Overweight (x) 6 | . 1 6 3 Average Overweight (x) 1 | . . 3 3 Largest Inventory Capacity 30 | 8 20 30 30 Average Capacity 26 | 8 14 29 30 Most Carried 30 | 6 20 30 30 Average Carried 23 | 4 12 26 29 Final Capacity 30 | 8 20 30 30 Final Carried 30 | 4 20 30 26 Class Distribution -------------------- 74% | Hauler-Mutant 25% | Mutant Dominant Class ---------------- Mutant | -10/Materials Hauler-Mutant | -9/Materials Hauler-Mutant | -9/Mines Resources | -11 -10 -9 -9 ----------- Run | Yrd Mat Mat Min Matter Collected 1487 | 226 579 651 31 Remotely 441 | . . 441 . Salvage Created 3072 | 95 694 2137 146 Parts 197 | . 52 128 17 Haulers Intercepted 3 | . . 3 . Recyclers Shooed 1 | 1 . . . Parts Field Recycled . | . . . . Retrieved Matter . | . . . . Parts Self-Destructed . | . . . . Prevented . | . . . . Kills | -11 -10 -9 -9 ------- Run | Yrd Mat Mat Min Combat Hostiles Destroyed 72 | . 17 38 17 Guns 28 | . 17 9 2 Cannons 27 | . . 22 5 AOE 16 | . . 6 10 Classes Destroyed 15 | 1 6 5 3 Worker 5 | . 1 3 1 Builder 1 | . . 1 . Tunneler 1 | . . . 1 Hauler 3 | . . 3 . Recycler 4 | 1 . 3 . Mechanic 1 | . 1 . . Operator 3 | . 1 2 . Watcher 7 | . 3 4 . Swarmer 23 | . 6 10 7 Grunt 27 | . 11 16 . Brawler 1 | . . 1 . Duelist 1 | . . 1 . Sentry 10 | . . 10 . Demolisher 1 | . . . 1 Assembled 9 | . . . 9 Best Kill Streak 10 | 1 7 5 10 Combat Bots Only 10 | . 5 4 10 Max Kills in Single Turn 4 | 1 1 2 4 Gunslinging . | . . . . Exploded 4 | . . 1 4 Melee . | . . . . Uniques/NPCs Destroyed . | . . . . Combat | -11 -10 -9 -9 -------- Run | Yrd Mat Mat Min Hostile Shots Fired 323 | . 63 155 105 Missed 88 | . 14 48 26 Damage Taken 3337 | . 499 1466 1372 Core 455 | . 55 107 293 Absorbed by Shields 12 | . . . 12 Redirected to Shielding 6 | . 6 . . Core Remaining (%) 89 | 100 78 . . Volleys Fired 181 | 2 58 98 23 Largest 2 | 2 2 2 2 Hottest 126 | 70 70 126 126 Shots Fired 327 | 4 116 169 38 Gun 163 | 4 116 37 6 Cannon 156 | . . 131 25 Launcher 8 | . . 1 7 Special . | . . . . Kinetic 120 | 2 78 29 11 Thermal 40 | 2 38 . . Explosive 8 | . . 1 7 Electromagnetic 159 | . . 139 20 Robot Hit Streak 10 | 2 9 10 3 Robot Miss Streak 5 | 1 5 5 3 Penetration Max . | . . . . Secondary Targets 1 | . 1 . . Max Gunslinging Chain 1 | . 1 . . Shots Hit Robots 175 | 2 61 95 17 Core Hits 132 | 2 32 64 34 Critical Kills . | . . . . Critical Parts Destroyed 2 | . 1 1 . Critical Strikes 5 | . 3 2 . Burn 2 | . 2 . . Destroy 2 | . 1 1 . Corrupt 1 | . . 1 . Melee Attacks . | . . . . Impact . | . . . . Slashing . | . . . . Piercing . | . . . . Sneak Attacks . | . . . . Combat Hostiles . | . . . . Follow-up Attacks . | . . . . Damage Inflicted 4931 | 26 916 3006 983 Guns 1465 | 26 916 463 60 Cannons 2248 | . . 1954 294 Explosions 1218 | . . 589 629 Melee . | . . . . Ramming . | . . . . Kinetic 1157 | 14 660 348 135 Thermal 570 | 12 256 302 . Explosive 916 | . . 287 629 Electromagnetic 2288 | . . 2069 219 Impact . | . . . . Slashing . | . . . . Piercing . | . . . . Highest Corruption . | . . . . Average Corruption . | . . . . Corruption Purged . | . . . . Corruption Blocked . | . . . . Overload Shots . | . . . . Overflow Damage 72 | . . 21 51 Projectiles 32 | . . 21 11 Explosions 40 | . . . 40 Melee . | . . . . Knockbacks 5 | . . . 5 Impact . | . . . . Kinetic 5 | . . . 5 Secondary . | . . . . Self-Inflicted Damage 168 | . . 113 55 Shots 5 | . . 3 2 Rammed . | . . . . Targets Rammed . | . . . . Kicked . | . . . . Crushed . | . . . . Highest Temperature 336 | 9 117 312 336 Average Temperature 83 | 6 32 91 146 Received Heat Transfer 813 | . 216 417 180 Effects 5 | . . 5 . Energy Bleed 2 | . . 2 . Interference 3 | . . 3 . Siege Activations . | . . . . Robots Corrupted 1 | . . 1 . Combat Hostiles 1 | . . 1 . Parts Fried 10 | . . 9 1 Impact Corruptions . | . . . . Robots Melted . | . . . . Combat Hostiles . | . . . . Parts Melted 1 | . . 1 . Heat Transferred 1375 | 37 888 450 . Parts Sabotaged . | . . . . Parts Stolen . | . . . . Parts Stripped . | . . . . Power Chain Reactions 7 | . . 7 . Alert | -11 -10 -9 -9 ------- Run | Yrd Mat Mat Min Peak Influence 635 | 5 347 635 413 Initial 244 | . 3 50 244 Average 281 | 2 156 323 316 Maximum Alert Level 2 | . 1 2 2 Low Security (%) 32 | 100 71 21 . Level 1 42 | . 28 46 53 Level 2 25 | . . 31 46 Level 3 . | . . . . Level 4 . | . . . . Level 5 . | . . . . High Security . | . . . . Max Security . | . . . . Squads Dispatched 8 | . 4 4 . Investigation 4 | . 3 1 . Extermination . | . . . . Reinforcement 4 | . 1 3 . Assault . | . . . . Garrison . | . . . . Intercept . | . . . . Searches Triggered . | . . . . Construction Impeded 1 | . . 1 . Haulers Reinforced . | . . . . Active Scanning Responses . | . . . . Cargo Convoy Interrupts . | . . . . Stealth | -11 -10 -9 -9 --------- Run | Yrd Mat Mat Min Distress Signals 7 | . 3 4 . Communications Jammed . | . . . . Distress Signals . | . . . . Times Spotted 108 | . 26 54 28 Peak Tracking Total 18 | . 4 4 18 Tactical Retreats 6 | . 1 3 2 Traps | -11 -10 -9 -9 ------- Run | Yrd Mat Mat Min Traps Triggered 1 | . 1 . . Indirectly . | . . . . Trap Hack Attempts . | . . . . Triggered . | . . . . Disarmed . | . . . . Reprogrammed . | . . . . Reused . | . . . . Traps Extracted . | . . . . Installed . | . . . . Triggered . | . . . . Machines | -11 -10 -9 -9 ---------- Run | Yrd Mat Mat Min Machines Disabled 7 | . 1 6 . Max in Single Turn 2 | . 1 2 . Machines Repaired . | . . . . Machines Dismantled . | . . . . Machines Sabotaged . | . . . . Overloaded Fab Kills . | . . . . Hacking | -11 -10 -9 -9 --------- Run | Yrd Mat Mat Min Machines Accessed 24 | . 10 14 . Terminals 19 | . 8 11 . Fabricators . | . . . . Repair Stations . | . . . . Recycling Units 4 | . 2 2 . Scanalyzers 1 | . . 1 . Garrison Access . | . . . . Total Hacks 80 | . 37 43 . Successful 48 | . 22 26 . Failed 32 | . 15 17 . Catastrophic . | . . . . Database Lockouts . | . . . . Manual 70 | . 33 37 . Terminals 68 | . 31 37 . Fabricators . | . . . . Repair Stations . | . . . . Recycling Units 10 | . 6 4 . Scanalyzers 2 | . . 2 . Garrison Access . | . . . . Terminal Hacks 9 | . 7 2 . Robot Analysis 5 | . 4 1 . Branch Access Points 1 | . . 1 . Terminal Index 1 | . 1 . . Zone Layout 2 | . 2 . . Fabricator Hacks . | . . . . Repair Station Hacks . | . . . . Recycling Unit Hacks 5 | . 2 3 . Report Inventory 4 | . 2 2 . Retrieve Components 1 | . . 1 . Scanalyzer 2 | . . 2 . Insert Component 1 | . . 1 . Analyze 1 | . . 1 . Garrison Access Hacks . | . . . . Unauthorized Hacks 32 | . 13 19 . Terminals 29 | . 11 18 . Assimilate 8 | . 3 5 . Botnet 17 | . 7 10 . Disrupt 1 | . . 1 . Operators 2 | . 1 1 . Skim 1 | . . 1 . Fabricators . | . . . . Repair Stations . | . . . . Recycling Units 3 | . 2 1 . Tunnel 3 | . 2 1 . Scanalyzers . | . . . . Garrison Access . | . . . . Data Cores Recovered . | . . . . Used . | . . . . Hacking Detections 21 | . 9 12 . Full Trace Events . | . . . . Feedback Events . | . . . . Feedback Blocked . | . . . . Robot Schematics Acquired . | . . . . Robots Built . | . . . . Authchips . | . . . . Time . | . . . . Total Robot Build Rating . | . . . . Part Schematics Acquired 1 | . . 1 . Parts Built . | . . . . Authchips . | . . . . Time . | . . . . Total Part Build Rating . | . . . . Parts Repaired . | . . . . Time . | . . . . Parts Recycled . | . . . . Recycled Matter . | . . . . Retrieved Matter . | . . . . Retrieved Components 10 | . . 10 . Parts Scanalyzed 1 | . . 1 . Part Schematics Acquired 1 | . . 1 . Parts Damaged . | . . . . Bothacking | -11 -10 -9 -9 ------------ Run | Yrd Mat Mat Min Used RIF Installer . | . . . . Robots Hacked . | . . . . Non-combat . | . . . . Combat . | . . . . Robot Hacks Applied . | . . . . Relay Couplers Released . | . . . . Fabnet Peak Effective % . | . . . . Robots Rewired . | . . . . Allies Hacked . | . . . . Hacks Repelled . | . . . . Allies | -11 -10 -9 -9 -------- Run | Yrd Mat Mat Min Total Allies . | . . . . Largest Group . | . . . . Highest-Rated Group . | . . . . Highest-Rated Ally . | . . . . Total Orders . | . . . . Ally Attacks . | . . . . Total Damage . | . . . . Kills . | . . . . Allies Corrupted . | . . . . Allies Melted . | . . . . Intel | -11 -10 -9 -9 ------- Run | Yrd Mat Mat Min Robot Analysis Total 5 | . 4 1 . Derelict Logs Recovered 1 | . . . 1 Drone Launches . | . . . . Drone Recoveries . | . . . . Exploration | -11 -10 -9 -9 ------------- Run | Yrd Mat Mat Min Turns Passed 7632 | 16 1851 5061 704 Spaces Moved 2192 | 5 900 1130 157 Core . | . . . . Treads 2192 | 5 900 1130 157 Legs . | . . . . Wheels . | . . . . Hover . | . . . . Flight . | . . . . Fastest Speed 160 | 160 160 240 400 Average Speed 309 | 160 172 406 400 Slowest Speed 640 | 160 240 640 400 Overloaded Moves . | . . . . Propulsion Burnouts . | . . . . Robots Hopped . | . . . . Cave-ins Triggered . | . . . . Exploration Rate (%) 60 | 1 97 97 47 Regions Visited 3 Branch Regions 1 Pre-discovered Areas 3 | . 2 1 . Known Exits Taken 1 | . . 1 . Unknown Exits Taken 2 | 1 1 . . Scrap Searched . | . . . . Spaces Dug 12 | . . . 12 Terrain Destroyed 82 | . . 27 55 Melee . | . . . . Projectile 2 | . . . 2 AOE 80 | . . 27 53 Terrain Rammed . | . . . . Walls Destroyed . | . . . . Machines Disabled . | . . . . Actions | -11 -10 -9 -9 --------- Run | Yrd Mat Mat Min Total 2741 | 10 1099 1438 194 Wait 218 | . 94 124 . Move 2189 | 4 899 1129 157 Hop . | . . . . Pick Up 56 | . 23 31 2 Fast Attach 11 | . 2 9 . Attach 22 | 2 2 12 6 Detach 3 | . . 2 1 Swap 24 | . 7 13 4 Drop 37 | 2 14 20 1 Fire 181 | 2 58 98 23 Melee . | . . . . Ram . | . . . . Kick . | . . . . Crush . | . . . . Escape Stasis . | . . . . Rewire . | . . . . Trap . | . . . . Miscellaneous . | . . . . Route ------- -11/Scrapyard -10/Materials (discovered 5 exits: *Mat x3 / [*Min x2]) -9/Materials (discovered 4 exits: [*Mat x3] / *Min) -9/Mines (discovered 1 exit: [*Mat]) History --------- Turn | Location | Event 11 | -11/Scrapyard | Discovered new exit (range 3) 17 | -11/Scrapyard | Entered Materials 221 | -10/Materials | Discovered new exit (range 10) 302 | -10/Materials | Build established: Mutant 440 | -10/Materials | Discovered new exit (range 15) 584 | -10/Materials | Discovered new exit (range 6) 959 | -10/Materials | Discovered new exit (range 16) 1283 | -10/Materials | Discovered new exit (range 11) 1868 | -10/Materials | Entered another Materials area 1868 | -9/Materials | Evolved 2 slots: Utility x2 2262 | -9/Materials | Build established: Hauler-Mutant 2567 | -9/Materials | Discovered new exit (range 12) 4531 | -9/Materials | Discovered new exit (range 15) 5322 | -9/Materials | Identified exit to Mines 5745 | -9/Materials | Discovered new exit (range 16) 6436 | -9/Materials | Discovered new exit (range 8) 6929 | -9/Materials | Entered Mines 6981 | -9/Mines | Learned Materials interactive machine intel 7298 | -9/Mines | Discovered new exit (range 14) 7581 | -9/Mines | Assembled infested the area 7601 | -9/Mines | Core integrity fell below 50% 7610 | -9/Mines | Core integrity fell below 20% 7633 | -9/Mines | Destroyed by as-48948 with Assembled F-torch Last Messages --------------- 07605_ The unstable cave ceiling collapses. 07605_ Hrd. Light Armor Plating destroyed. 07607_ Rocket Launcher destroyed. 07609_ D-53 Grenadier destroyed. 07610_ D-53 Grenadier knocked back. 07610_ D-53 Grenadier destroyed. 07611_ The unstable cave ceiling collapses. 07613_ as-42915 destroyed. 07614_ Hrd. Light Armor Plating destroyed. 07617_ The unstable cave ceiling collapses. 07617_ as-58008 knocked back. 07621_ Critical hit (Burn: +80). 07623_ as-58008 knocked back. 07623_ Destroyed Asb. Hover Unit. 07624_ The unstable cave ceiling collapses. 07624_ Hvy. Ion Engine destroyed. 07627_ The unstable cave ceiling collapses. 07627_ U-05 Engineer lays Concrete. 07631_ as-60690 knocked back. 07632_ U-05 Engineer lays Concrete. Map ----- +----------------------------------------------------+ | ?????## #????????# #??????????????????????????? | | ????## #????????# #??????????????????????????? | | ????# #????????# #??????????????????????????? | | ????# #???####?# #??????????????????????????? | | ????# """ #??## ### #??????????????????????????? | | ?????# """ #### #??????????????????????????? | | ?????# """ ## ######??????????????????????????? | | ?????# ##???????????????????????????????? | | ?????# ##????????????????????????????????? | | ????## ###?????????????????????????????????? | | ???## ###???????????????????????????????????? | | ??## ##?????????????????????????????????????? | | ?## #######????????????????????????????????? | | ?# < ##???????????????????????????????? | | # #???????????????????????????????? | | # ### # #????????????????????????????? | | ## ###### ## #???????##???????????????????? | | ?####????# ##$ #?????? #???????????????????? | | ????###??# # ##????? ####????????????????? | | ????# #### #????? # ######???????????? | | ????# """ ##### #???????????? | | ????# """ ###?????????? | | ????## ## """ #a# %a ?????????? | | ???????# a% % a % ????????? | | ??????## ### u # aa a #????????????? | | ????### #?# #a @ #??????????????????? | | ????# ## #?# % #??????????????????? | | ????# ### ## # #??????????????????? | | ????# ##?# ## ##??????????????????? | | ????# #??# ### # #??????????????????? | | ????# ##??# #?# #### ##??????????????????? | | ????# ##???# =## ##???##???????????????????? | | ??? ????## #### #?????????????????????????? | | ?? ???## ### ##??????????????????????????? | | # ######## #???????????????????????????? | | # #### | #######???????????????????????????? | | # ###?????????????????????????????????? | | # % ####???????????????????????????????????? | | ###########??????????????????????????????????????? | | ?????????????????????????????????????????????????? | | ?????????????????????????????????????????????????? | | ?????????????????????????????????????????????????? | | | | | | | | | | | | | | | | | +----------------------------------------------------+ Best States ------------- Heat Dissipation 42 Energy Generation 14 Energy Capacity 280 Matter Stores 300 Matter Capacity 300 Sight Range 16 Terrain Scan Density 10 Armor Coverage 300 Utility Shielding 33 Evasion (%) 40 Recoil Reduction 2 Item Schematics ----------------- Cargo Storage Unit | -9/Materials | Scanalyzed Robot Schematics ------------------ None Fabricated ------------ Nothing Alien Tech Used ----------------- None Achievements -------------- None Challenges ------------ None Game ------ Seed DamperDefensePlatform Manual? 0 Play Time 00:34:46 Cumulative 50.3 hours Start 2024.11.11 @ 13:13:58 End 2024.11.11 @ 14:23:18 Sessions 3 Manual Loads 0 Difficulty Rogue Special Mode None Game No. 96 Rogue 96 Adventurer 0 Explorer 0 Win Type - Total 0 Types 0/0/0/0/0/0/0/0/0 Lore% 37 Gallery% 31 Achievement% 32 Wizard Run 0 Options --------- Layout 0 ASCII 0 Keyboard 0 Movement Mouse Keybinds 0 Fullscreen 1 Font 24/Smallcaps Map View 91x25 Zoom Use 82% Tactical HUD 1 Map Filters NONE Filters NONE Steam 1 RUN: 65a666bf-d40b-4fab-93b8-2fd7a4fbba0d